 Dungeon Crawl Stone Soup version 0.31-a0-620-gd1cbd99268 (webtiles) character file.

Game seed: 6252803491885705667

30 Cummy the Sneak (level 3, -1/23 HPs)
             Began as a Kobold Delver on Aug 23, 2023.
             Slain by an orc
             ... wielding a +0 dagger
              (4 damage)
             ... on level 5 of the Dungeon.
             The game lasted 00:00:54 (86 turns).

Cummy the Sneak (Kobold Delver)                       Turns: 86, Time: 00:00:55

Health: -1/23      AC:  3    Str: 11    XL:     3   Next: 35%
Magic:  3/3        EV: 14    Int: 11    God:
Gold:   6          SH:  0    Dex: 16    Spells: 2/2 levels left

rFire   . . .        a - +0 short sword
rCold   . . .        (no shield)
rNeg    . . .        b - +0 leather armour
rPois   .            (no helmet)
rElec   .            (no cloak)
rCorr   .            (no gloves)
SInv    .            (no boots)
Will    .....        (no amulet)
Stlth   ++++         (no ring)
HPRegen 0.23/turn    (no ring)
MPRegen 0.08/turn

%: no passive effects
@: no status effects
A: small, no large weapons, nightstalker 3
a: no special abilities


You were on level 5 of the Dungeon.
You visited 1 branch of the dungeon, and saw 1 of its levels.

You collected 6 gold pieces.

Inventory:

Hand Weapons
 a - a +0 short sword (weapon)
Armour
 b - a +0 leather armour (worn)
Wands
 g - a wand of digging (3)
Scrolls
 c - a scroll of fog
 d - a scroll of revelation
 e - a scroll of fear
 h - a scroll of identify {unknown}
Potions
 f - a potion of haste


   Skills:
 + Level 3.6 Fighting
 + Level 2.8 Short Blades
 + Level 0.1 Armour
 + Level 2.6 Dodging
 + Level 7.4 Stealth


You had 2 spell levels left.
You didn't know any spells.
Your spell library was empty.

Dungeon Overview and Level Annotations

Branches:
Dungeon (5/15)
 Temple: D:4-7

Altars:


Innate Abilities, Weirdness & Mutations

You are small and have problems with some larger weapons.
You are completely attuned to the shadows.


Message History

The hound bites you. The hound bites you but does no damage.
You hit the hound.
The hound is severely wounded.
The hound bites you.
You hit the hound.
The hound is severely wounded.
The hound barely misses you.
You hit the hound but do no damage.
The hound is severely wounded.
The hound bites you.
An orc comes into view. It is wielding a +0 dagger.
The hound bites you.
* * * LOW HITPOINT WARNING * * *
The orc shouts!
You hit the hound.
The hound is severely wounded.
You hear a shout! x2
The hound misses you.
You hit the hound.
You kill the hound!
Your Stealth skill increases to level 7!
You have reached level 2!
You have reached level 3!
Your experience leads to an increase in your attributes!
Increase (S)trength, (I)ntelligence, or (D)exterity?
You feel stronger. x2
The orc hits you with a +0 dagger.
* * * LOW HITPOINT WARNING * * *
Found a scroll labelled FOOWEA JILORGH.
The orc attacks as it pursues you! The orc barely misses you.
The orc attacks as it pursues you! The orc hits you with a +0 dagger.
* * * LOW HITPOINT WARNING * * *
There is an open door here.
The orc attacks as it pursues you! The orc misses you.
The orc attacks as it pursues you! The orc hits you with a +0 dagger.
* * * LOW HITPOINT WARNING * * *
The orc attacks as it pursues you! The orc barely misses you.
The orc attacks as it pursues you! The orc barely misses you.
The orc attacks as it pursues you! The orc hits you with a +0 dagger.
You die...

......#.###.
......#.###
...#.#....###.#
...#.#..#.....#.
...#.#..#......
......###....# ...
......'......##...
......####o..#....
......##..@.......
......##..........
......##.......###.#
..
#.........#.####..
#.................
#.................
#.................
#.................
#.................


You could see an orc.

Vanquished Creatures
  A hound (D:5)
1 creature vanquished.

Notes
Turn   | Place    | Note
-------+----------+-------------------------------------------
     0 | D:5      | Cummy the Kobold Delver began the quest for the Orb.
     0 | D:5      | Reached XP level 1. HP: 14/14 MP: 1/1
    48 | D:5      | Noticed a hound
    69 | D:5      | Killed a hound
    70 | D:5      | Reached skill level 7 in Stealth
    70 | D:5      | Reached XP level 2. HP: 6/19 MP: 2/2
    70 | D:5      | Reached XP level 3. HP: 8/23 MP: 3/3
    86 | D:5      | Slain by an orc

Illustrated notes

Levels and vault maps discovered:
D:5:      layout_basic, kennysheep_mini, uniq_menkaure

Skill      XL: |  1 |
---------------+----+-----
Stealth        | 7 |  7.4
Fighting       | |  3.6
Short Blades   | |  2.8
Armour         | |  0.1
Dodging        | |  2.6

Action                     || total
---------------------------++-------
  Melee: Short sword       ||    14
 Armour: Leather armour    ||     2
  Dodge: Dodged            ||    16

Table legend: (Time is in decaauts)
 A = Elapsed time spent in this place.
 B = Non-inter-level travel time spent in this place.
 C = Inter-level travel time spent in this place.
 D = Time resting spent in this place.
 E = Time spent auto-exploring this place.
 F = Levels seen in this place.
 G = Mean time per level.
                   A        B        C        D        E       F      G
               +--------+--------+--------+--------+--------+-----+--------+
         Total |     84 |     84 |      0 |      0 |      2 |   1 |   84.0 |
       Dungeon |     84 |     84 |      0 |      0 |      2 |   1 |   84.0 |
               +--------+--------+--------+--------+--------+-----+--------+

Top non-repeatable levels by time:
     D:5: 84 daAuts
